Map: Catalyst LE

Players

LuisG - Winner!

  • Race: Terran Terran
  • League: Platinum
  • Spawn Location: 11:00

SamuraiFunn

  • Race: Protoss Protoss
  • Spawn Location: 5:00

VOD

Have the link to the VOD?

Description

Time

  • Played on: Nov. 25, 2017, 12:18 p.m.
  • Length: 4:16
Show
View Real Time Build Order
Export as new Build Order

LuisG Terran - Winner!

Build Orders: Cyclone Opening 

Get SALT Encoding   

  12  0:00  SCV  
  13  0:13  SCV  
  14  0:19  Supply Depot  
  14  0:25  SCV  
  15  0:30  Refinery  
  15  0:42  Barracks  
  15  0:46  SCV  
  16  0:57  Refinery  
  16  0:58  SCV  
  17  1:10  SCV  
  18  1:22  SCV  
  19  1:31  Factory  
  19  1:43  Barracks Reactor  
  19  1:49  Supply Depot  
  19  1:56  Orbital Command  
  19  2:26  Cyclone x2  
  19  2:28  Barracks Reactor  
  25  2:33  SCV  
  26  2:45  SCV  
  26  2:47  Engineering Bay  
  27  2:57  SCV  
  28  3:05  Marine x2  
  30  3:14  SCV  
  30  3:17  Supply Depot  
  31  3:22  Missile Turret  
  31  3:39  SCV, Marine x2, Cyclone  
  37  3:57  Marine  
Show
View Real Time Build Order
Export as new Build Order

SamuraiFunn Protoss 

Build Orders: Dark Templar Rush 

Get SALT Encoding   

  12  0:01  Probe  
  13  0:13  Probe  
  14  0:20  Pylon  
  14  0:25  Probe  
  15  0:32  Assimilator  
  15  0:38  Probe  
  16  0:44  Gateway  
  16  0:52  Probe  
  18  1:04  Probe  
  18  1:09  Assimilator  
  18  1:16  Probe  
  19  1:28  Probe  
  20  1:35  Cybernetics Core  
  20  1:40  Probe  
  21  1:54  Probe  
  22  1:56  Pylon  
  22  2:06  Probe  
  23  2:22  Twilight Council  
  23  2:28  Adept  
  25  2:30  Nexus  
  25  2:31  Probe  
  26  2:38  Pylon  
  26  2:59  Pylon  
  26  3:02  Gateway  
  26  3:06  Gateway x2  
  26  3:18  Dark Shrine  
  24  3:46  Assimilator  
Tags
 
Add a new tag
Caveats
  • Supply blocks, unpowered buildings, or Contaminate may cause inaccurate times.
  • Supply counts are checked every 10 seconds.